 Dungeon Crawl Stone Soup version 0.19.1-1-g22dce08 (webtiles) character file.

858 RedPan the Basher (level 8, -2/83 HPs)
             Began as an Ogre Gladiator on Dec 31, 2016.
             Was an Initiate of Okawaru.
             Slain by a hippogriff (3 damage)
             ... on level 5 of the Dungeon.
             The game lasted 00:09:01 (5401 turns).

RedPan the Basher (Ogre Gladiator)                  Turns: 5401, Time: 00:09:02

Health: -2/83      AC:  5    Str: 21    XL:     8   Next: 2%
Magic:  8/8        EV: 10    Int:  7    God:    Okawaru [......]
Gold:   398        SH:  0    Dex: 12    Spells: 0 memorised, 7 levels left

rFire  . . .     SeeInvis .     s - +2 mace (holy)
rCold  . . .     Gourm    +     b - +0 robe
rNeg   . . .     Faith    .     (no shield)
rPois  .         Spirit   .     c - +1 hat
rElec  .         Reflect  .     o - +0 cloak
rCorr  .         Harm     .     (gloves unavailable)
MR     +....                    (boots unavailable)
Stlth  +.........               j - amulet of the gourmand
                                x - ring of flight
                                q - ring of protection from magic

@: no status effects
A: unfitting armour, tough skin 1
a: Renounce Religion, Evoke Flight


You were on level 5 of the Dungeon.
You worshipped Okawaru.
Okawaru was noncommittal.
You were completely stuffed.

You visited 2 branches of the dungeon, and saw 6 of its levels.

You collected 398 gold pieces.

Inventory:

Hand Weapons
 a - a +0 flail
 s - a +2 mace of holy wrath (weapon)
 A - a +0 giant spiked club
Missiles
 d - 4 throwing nets (quivered)
Armour
 b - a +0 robe (worn)
 c - a +1 hat (worn)
 o - a +0 cloak (worn)
Jewellery
 i - an uncursed amulet of guardian spirit
 j - an amulet of the gourmand (around neck)
 q - a ring of protection from magic (left hand)
 x - a ring of flight (right hand)
 y - a cursed amulet of inaccuracy {unknown}
Wands
 n - a wand of digging (8/24)
Scrolls
 g - 2 scrolls of remove curse
 r - 4 scrolls of magic mapping
 u - a scroll of fear {unknown}
 v - a scroll of fog {unknown}
 w - a scroll of teleportation {unknown}
Potions
 e - a potion of haste
 k - a potion of might {unknown}
 l - 2 potions of brilliance
 m - a potion of agility
 p - a potion of flight
 t - a potion of lignification
Comestibles
 f - 3 bread rations
 h - 3 meat rations


   Skills:
 + Level 6.2 Fighting
 + Level 10.6 Maces & Flails
 - Level 2.0 Throwing
 - Level 2.6 Dodging


You had 7 spell levels left.
You didn't know any spells.

Dungeon Overview and Level Annotations

Branches:
Dungeon (5/15)             Temple (1/1) D:5

Altars:
Ashenzari
Cheibriados
Dithmenos
Elyvilon
Fedhas
Gozag
Hepliaklqana
Kikubaaqudgha
Makhleb
Nemelex Xobeh
Okawaru
Qazlal
Ru
Sif Muna
Trog
Uskayaw
Vehumet
Xom
Yredelemnul
Zin
The Shining One


Innate Abilities, Weirdness & Mutations

You are too large for most types of armour.
You have tough skin. (AC +1)


Message History

The hippogriff barely misses you.
You sock the hippogriff!
The hippogriff is almost dead.
The hippogriff bites you.
* * * LOW HITPOINT WARNING * * *
The hippogriff pecks you but does no damage.
The hippogriff claws you.
* * * LOW HITPOINT WARNING * * *
You hit the hippogriff.
The hippogriff is almost dead.
The hippogriff bites you!
* * * LOW HITPOINT WARNING * * *
The hippogriff pecks you.
* * * LOW HITPOINT WARNING * * *
The hippogriff closely misses you.
Okay, then.
You closely miss the hippogriff.
The hippogriff is almost dead.
The hippogriff bites you.
You die...

# #.#......#.....>...
#.#.#.#...##.####....
#.........##.####>...
####..##............#
#..##.####.###.#.#
#..##.# #.# #.#.#
#..##.# ##.###.#.#
#H.##.###...##.#..
#@.##..........###
###..######...####
#....# ##.## #.#.##
#<# ##.#.# #.# #...(#
#.####### #..###
#........ ##..#
######### ##...##


You could see a hippogriff.

Vanquished Creatures
  2 ogres (D:5)
  A howler monkey (D:4)
  A bullfrog zombie (D:5)
  2 bullfrog skeletons (D:5)
  An orc priest (D:4)
  2 hounds (D:4)
  3 centaur skeletons
  4 orc wizards
  4 worker ants (D:4)
  A hound skeleton (D:5)
  A gnoll (D:3)
  4 adders
  2 oozes (D:1)
  2 adder zombies (D:1)
  2 worms (D:2)
  4 dart slugs
  5 leopard geckos
  14 orcs
  3 bats
  4 giant cockroaches
  6 goblins
  5 hobgoblins
  7 jackals
  8 kobolds
  3 quokkas
  A ball python (D:1)
  5 frilled lizards
  A leopard gecko skeleton (D:4)
  9 rats
107 creatures vanquished.

Notes
Turn   | Place    | Note
-------+----------+-------------------------------------------
     0 | D:1      | RedPan the Ogre Gladiator began the quest for the Orb.
     0 | D:1      | Reached XP level 1. HP: 22/22 MP: 1/1
    69 | D:1      | Reached XP level 2. HP: 25/29 MP: 2/2
   187 | D:1      | Reached skill level 5 in Maces & Flails
   270 | D:1      | Reached XP level 3. HP: 34/36 MP: 3/3
   683 | D:2      | Reached skill level 6 in Maces & Flails
   821 | D:2      | Reached XP level 4. HP: 30/44 MP: 2/4
  1663 | D:3      | Reached skill level 7 in Maces & Flails
  1967 | D:3      | Reached XP level 5. HP: 46/50 MP: 5/5
  2421 | D:4      | Found a shadowy altar of Dithmenos.
  2455 | D:4      | Reached skill level 8 in Maces & Flails
  2786 | D:4      | Reached XP level 6. HP: 53/59 MP: 4/6
  2959 | D:4      | Reached skill level 9 in Maces & Flails
  3588 | D:4      | Reached XP level 7. HP: 32/68 MP: 2/7
  4336 | D:5      | Entered Level 5 of the Dungeon
  4544 | D:5      | Reached skill level 5 in Fighting
  4544 | D:5      | Reached skill level 10 in Maces & Flails
  4865 | D:5      | Found a staircase to the Ecumenical Temple.
  4911 | Temple   | Entered the Ecumenical Temple
  5002 | Temple   | Became a worshipper of Warmaster Okawaru
  5062 | D:5      | Reached XP level 8. HP: 23/83 MP: 8/8
  5386 | D:5      | Noticed a hippogriff
  5400 | D:5      | HP: 3/83 [hippogriff (7)]
  5400 | D:5      | HP: 1/83 [hippogriff (2)]
  5401 | D:5      | Slain by a hippogriff

Skill      XL: |  1  2  3  4  5  6  7 |
---------------+----------------------+-----
Maces & Flails | 5 6 7 8 9 10 | 10.6
Fighting       | 3 6 |  6.2
Throwing       | |  2.0
Dodging        | |  2.6

Action                   |  1- 3 |  4- 6 |  7- 9 || total
-------------------------+-------+-------+-------++-------
Melee: Flail             |    87 |   205 |       ||   292
       Mace              |       |    25 |    83 ||   108
  Use: Scroll            |       |     6 |     5 ||    11
       Potion            |       |     4 |       ||     4
 Stab: Sleeping          |     1 |     1 |     1 ||     3
  Eat: Chunk             |       |     9 |    15 ||    24
Armor: Robe              |    17 |    71 |    23 ||   111
Dodge: Dodged            |    46 |   134 |    34 ||   214
